Map: Thunderbird LE

Players

Hellraiser - Winner!

  • Race: Protoss Protoss
  • Spawn Location: 5:00

Serral

  • Race: Zerg Zerg
  • Spawn Location: 11:00

Event: 2019 WCS Summer

VOD

Have the link to the VOD?

Description

Time

  • Played on: July 12, 2019, 2:43 p.m.
  • Length: 10:28

All games in this series

Show
View Real Time Build Order
Export as new Build Order

Hellraiser Protoss - Winner!

Build Orders: 1 Gate Expand, Oracle Opening, Phoenix Opening, Mass Phoenix 

Get SALT Encoding   

  12  0:00  Probe  
  13  0:13  Probe  
  14  0:19  Pylon  
  14  0:23  Probe  
  15  0:33  Probe  
  15  0:38  Gateway  
  16  0:43  Probe  
  16  0:47  Assimilator  
  17  0:55  Probe  
  18  1:07  Probe  
  19  1:20  Nexus  
  19  1:23  Probe  
  20  1:33  Cybernetics Core  
  20  1:36  Probe  
  21  1:42  Assimilator  
  21  1:48  Probe  
  21  1:53  Pylon  
  22  1:59  Probe  
  23  2:02  Adept  
  23  2:07  Probe  
  26  2:15  Probe  
  26  2:21  Stargate  
  27  2:27  Probe  
  27  2:29  Probe  
  28  2:32  Stalker  
  31  2:37  Probe  
  31  2:39  Probe, Warp Gate  
  33  2:49  Probe  
  33  2:51  Probe  
  35  2:55  Gateway  
  35  2:57  Oracle  
  35  3:01  Probe  
  35  3:03  Probe  
  37  3:12  Pylon  
  40  3:13  Probe  
  40  3:15  Probe  
  42  3:20  Assimilator  
  42  3:22  Assimilator  
  42  3:25  Probe  
  43  3:27  Probe, Phoenix  
  44  3:37  Probe, Pylon  
  44  3:39  Probe  
  48  3:49  Probe  
  48  3:50  Stargate  
  48  3:51  Probe  
  50  3:57  Phoenix  
  50  4:01  Probe  
  53  4:03  Probe  
  53  4:07  Pylon  
  54  4:13  Probe  
  54  4:14  Phoenix  
  54  4:16  Probe  
  58  4:26  Zealot  
  58  4:27  Zealot  
  58  4:28  Phoenix  
  58  4:29  Probe  
  64  4:33  Protoss Air Weapons Level 1  
  64  4:38  Phoenix  
  65  4:41  Probe  
  65  4:42  Pylon  
  68  4:53  Phoenix, Nexus  
  70  5:00  Phoenix, Pylon  
  70  5:06  Probe  
  73  5:07  Probe  
  73  5:13  Zealot  
  73  5:14  Zealot  
  77  5:18  Phoenix x2  
  79  5:27  Probe  
  79  5:28  Probe  
  80  5:34  Robotics Facility  
  80  5:37  Phoenix  
  80  5:42  Probe  
  81  5:43  Phoenix  
  81  5:46  Probe  
  81  5:49  Forge  
  86  5:58  Probe  
  86  6:01  Phoenix  
  85  6:05  Probe  
  85  6:06  Probe, Assimilator  
  85  6:10  Probe, Assimilator  
  90  6:15  Immortal  
  90  6:18  Probe x2  
  92  6:22  Probe, Robotics Bay  
  92  6:23  Robotics Facility  
  97  6:30  Probe x2  
  99  6:34  Probe  
  99  6:35  Pylon  
  99  6:36  Pylon  
  100  6:42  Probe  
  100  6:44  Protoss Ground Weapons Level 1  
  100  6:46  Pylon  
  101  6:53  Probe x2, Colossus  
  103  6:57  Probe  
  103  6:59  Colossus  
  102  7:05  Probe  
  102  7:07  Pylon  
  103  7:14  Extended Thermal Lance  
  115  7:16  Twilight Council  
  115  7:18  Probe  
  115  7:20  Pylon  
  116  7:23  Sentry  
  116  7:24  Zealot  
  116  7:29  Probe  
  119  7:31  Probe x2  
  119  7:34  Colossus  
  118  7:40  Colossus  
  118  7:43  Gateway  
  119  7:44  Gateway  
  119  7:48  Pylon  
  130  8:05  Gateway x2  
  130  8:09  Sentry x2, Gateway  
  130  8:11  Nexus  
  134  8:12  Gateway  
  134  8:13  Pylon  
  134  8:15  Pylon  
  134  8:26  Warp Prism  
  134  8:28  Observer  
  134  8:32  Pylon  
  134  8:33  Pylon  
  136  8:36  Stalker x2  
  139  8:50  Stalker x2  
  143  9:00  Photon Cannon  
  143  9:02  Probe  
  144  9:03  Sentry x4  
  144  9:05  Stalker  
  148  9:12  Stalker x2  
  148  9:13  Stalker  
  154  9:26  Stalker x4  
  154  9:29  Stalker  
  164  9:35  Assimilator, Probe x2  
  164  9:37  Assimilator  
  166  9:38  Pylon  
  166  9:39  Stalker x3  
  172  9:52  Stalker x5  
  182  10:05  Stalker x2  
  182  10:06  Stalker  
  144  10:15  Stalker  
  144  10:16  Stalker x4  
Show
View Real Time Build Order
Export as new Build Order

Serral Zerg 

Build Orders: Hatch First 

Get SALT Encoding   

  12  0:00  Drone  
  13  0:12  Overlord  
  13  0:16  Drone  
  14  0:31  Drone x2  
  16  0:47  Hatchery  
  15  0:51  Drone  
  15  0:54  Drone  
  17  0:57  Drone  
  18  1:08  Extractor  
  17  1:12  Spawning Pool  
  17  1:16  Drone  
  17  1:19  Drone  
  18  1:28  Drone  
  19  1:39  Drone  
  20  1:50  Overlord  
  20  2:00  Queen x2  
  25  2:01  Zergling x4  
  26  2:08  Metabolic Boost  
  26  2:11  Drone x2  
  28  2:20  Drone  
  28  2:22  Drone  
  30  2:36  Hatchery  
  29  2:38  Drone  
  29  2:43  Overlord  
  30  2:46  Drone  
  31  2:51  Queen  
  31  2:53  Drone  
  31  2:55  Drone  
  31  2:56  Drone  
  35  3:03  Zergling x2  
  36  3:05  Drone  
  36  3:08  Drone  
  36  3:09  Overlord  
  36  3:10  Drone  
  36  3:12  Drone  
  40  3:16  Drone x2  
  40  3:19  Drone  
  43  3:31  Lair  
  43  3:32  Drone x3  
  46  3:36  Roach Warren  
  46  3:39  Queen  
  48  3:41  Drone, Spore Crawler  
  48  3:44  Overlord  
  48  3:47  Drone  
  49  3:48  Drone  
  49  3:52  Queen  
  52  3:56  Spore Crawler  
  52  3:57  Drone  
  52  3:58  Drone  
  52  4:00  Drone  
  54  4:02  Extractor  
  54  4:03  Extractor  
  54  4:04  Drone  
  54  4:05  Drone  
  54  4:07  Spore Crawler  
  54  4:09  Drone  
  54  4:10  Drone  
  54  4:13  Overlord  
  55  4:18  Drone, Spore Crawler  
  55  4:19  Drone  
  55  4:20  Drone x2  
  55  4:22  Drone  
  60  4:26  Overlord  
  60  4:30  Zergling x4  
  62  4:33  Zergling x2  
  62  4:35  Hydralisk Den  
  62  4:37  Overlord  
  62  4:42  Drone x3  
  62  4:45  Drone x3  
  68  4:48  Extractor  
  68  4:51  Overlord  
  68  4:52  Drone x2  
  69  4:53  Drone  
  69  4:57  Drone  
  71  5:01  Drone x2  
  71  5:02  Overseer, Overlord  
  71  5:05  Muscular Augments  
  71  5:06  Hydralisk  
  75  5:09  Hydralisk  
  75  5:12  Hydralisk  
  79  5:17  Hydralisk x2  
  83  5:22  Overlord x2  
  83  5:30  Hydralisk x3  
  89  5:35  Overlord  
  89  5:38  Extractor  
  89  5:40  Evolution Chamber  
  89  5:42  Overlord  
  87  5:43  Hydralisk x3  
  87  5:48  Spore Crawler  
  92  5:52  Drone x6  
  96  5:59  Hydralisk x3  
  96  6:03  Drone x3  
  95  6:07  Zerg Missile Weapons Level 1  
  95  6:12  Hydralisk x2  
  95  6:15  Hydralisk  
  101  6:19  Spore Crawler  
  101  6:22  Hydralisk x2  
  101  6:23  Extractor  
  103  6:28  Hatchery  
  103  6:30  Drone x2  
  104  6:33  Drone x2  
  104  6:34  Drone  
  104  6:38  Drone  
  104  6:39  Drone, Baneling Nest  
  108  6:44  Grooved Spines  
  108  6:45  Drone x3  
  111  6:48  Drone x2  
  112  6:55  Overlord  
  112  6:56  Overlord  
  112  7:00  Drone x5  
  113  7:05  Infestation Pit  
  113  7:07  Drone x3  
  114  7:09  Pneumatized Carapace  
  114  7:10  Overseer  
  115  7:15  Drone x4  
  115  7:16  Drone, Baneling Nest  
  115  7:20  Overlord  
  115  7:21  Hydralisk  
  119  7:28  Hydralisk x4  
  125  7:34  Drone x2  
  125  7:36  Centrifical Hooks  
  124  7:44  Hive  
  124  7:47  Spire  
  124  7:49  Drone x5  
  127  7:58  Hydralisk x2, Spore Crawler  
  127  7:59  Zergling x10  
  127  8:02  Evolution Chamber  
  127  8:03  Queen  
  127  8:05  Extractor x2  
  134  8:06  Spore Crawler  
  134  8:09  Drone x2  
  134  8:10  Drone  
  134  8:11  Drone x2  
  134  8:12  Drone  
  139  8:20  Overlord  
  139  8:21  Overlord x3  
  138  8:27  Overlord  
  138  8:28  Overlord  
  138  8:34  Zerg Melee Weapons Level 1  
  136  8:41  Drone x2  
  136  8:42  Drone  
  136  8:44  Hydralisk  
  136  8:45  Hydralisk, Zergling x12  
  136  8:46  Zergling x10  
  136  8:47  Drone  
  147  8:52  Drone  
  145  8:59  Greater Spire  
  145  9:00  Overlord x2  
  145  9:02  Queen  
  147  9:10  Corruptor x5  
  157  9:21  Hatchery  
  157  9:22  Corruptor x2  
  160  9:26  Corruptor  
  160  9:28  Baneling x20  
  162  9:32  Zergling x6  
  162  9:35  Corruptor  
  162  9:37  Zergling x2  
  162  9:38  Zergling x6  
  171  9:41  Baneling x3  
  171  9:45  Hatchery  
  171  9:52  Zergling x2  
  171  9:53  Zergling x14  
  171  9:56  Baneling x5  
  171  9:57  Baneling  
  158  10:11  Zergling x2  
Tags
 
Add a new tag
Caveats
  • Supply blocks, unpowered buildings, or Contaminate may cause inaccurate times.
  • Supply counts are checked every 10 seconds.